 Dungeon Crawl Stone Soup version 0.21.0-37-g46506fa (webtiles) character file.

6628 pstr the Geomancer (level 11, -4/84 HPs)
             Began as a Naga Earth Elementalist on Feb 1, 2018.
             Was an Elder of Elyvilon.
             Slain by a sky beast (6 damage)
             ... on level 10 of the Dungeon.
             The game lasted 00:27:43 (11569 turns).

pstr the Geomancer (Naga Earth Elementalist)       Turns: 11569, Time: 00:27:44

Health: -4/84      AC:  8    Str: 11    XL:     11   Next: 2%
Magic:  6/24       EV: 10    Int: 16    God:    Elyvilon [****..]
Gold:   557        SH:  5    Dex: 13    Spells: 19/28 levels left

rFire    . . .     SeeInvis +   V - +2 short sword (curse)
rCold    . . .     Gourm    .   Q - +2 buckler
rNeg     . . .     Faith    .   h - +0 leather armour
rPois    +         Spirit   .   w - +1 helmet
rElec    .         Reflect  .   (no cloak)
rCorr    .         Harm     .   B - +0 pair of gloves (curse)
MR       +....                  (no barding)
Stlth    +++.......             s - amulet of inaccuracy (curse)
HPRegen  0.24/turn              P - -3 ring of intelligence (curse)
MPRegen  0.19/turn              m - ring of wizardry

@: slowed, very slow
A: large, see invisible, agile 1, deformed body, poison resistance, slowness 2,
slow metabolism 1, spit poison 2, AC +3
a: Breathe Poison Gas, Lesser Healing, Heal Other, Purification, Greater
Healing, Divine Protection, Renounce Religion


You were on level 10 of the Dungeon.
You worshipped Elyvilon.
Elyvilon was greatly pleased with you.
You were not hungry.

You visited 1 branch of the dungeon, and saw 10 of its levels.

You collected 647 gold pieces.
You spent 90 gold pieces at shops.

Inventory:

Hand Weapons
 k - a +0 whip of freezing
 u - a +0 long sword
 v - a +1 rapier of venom
 R - a +3 quarterstaff
 V - a cursed +2 short sword (weapon)
Missiles
 b - 150 stones (quivered)
 g - 213 arrows
Armour
 c - a +0 robe
 h - a +0 leather armour (worn)
 t - a +0 robe of resistance
 w - a +1 helmet (worn)
 x - a +0 leather armour
 B - a cursed +0 pair of gloves (worn)
 Q - a +2 buckler (worn)
Jewellery
 j - an uncursed ring of protection from cold
 m - a ring of wizardry (right hand)
 q - an uncursed ring of poison resistance
 s - a cursed amulet of inaccuracy (around neck)
 z - an uncursed ring of protection from magic
 A - an uncursed ring of fire
 P - a cursed -3 ring of intelligence (left hand)
 W - an uncursed ring of positive energy {unknown}
Wands
 D - a wand of enslavement (11)
 H - a wand of iceblast (11)
 X - a wand of digging (11)
Scrolls
 f - 2 scrolls of enchant armour {unknown}
 i - 4 scrolls of amnesia {unknown}
 l - 4 scrolls of random uselessness {unknown}
 n - 2 scrolls of immolation {unknown}
 o - 7 scrolls of identify {unknown}
 p - 6 scrolls of remove curse {unknown}
 y - 3 scrolls of teleportation {unknown}
 F - a scroll of blinking
 K - a scroll of silence {unknown}
 M - a scroll of noise {unknown}
 N - a scroll of fear {unknown}
 S - a scroll of enchant weapon
Potions
 a - 2 potions of flight
 r - 4 potions of curing
 C - a potion of degeneration {unknown}
 E - a potion of lignification {unknown}
 G - a potion of heal wounds {unknown}
 I - 2 potions of berserk rage {unknown}
 J - 2 potions of magic {unknown}
 U - a potion of brilliance {unknown}
 Y - a potion of ambrosia {unknown}
 Z - a potion of resistance {unknown}
Books
 e - a book of Geomancy

   Spells                             Type                      Level
   a - Sandblast                      Earth                        1
   b - Passwall                       Transmutation/Earth          2
   c - Stone Arrow                    Conjuration/Earth            3
   d - Petrify                        Transmutation/Earth          4
   e - Lee's Rapid Deconstruction     Earth                        5
 L - a book of Callings

   Spells                             Type                      Level
   a - Summon Small Mammal            Summoning                    1
   b - Call Imp                       Summoning                    2
   c - Call Canine Familiar           Summoning                    3
   d - Summon Guardian Golem          Hexes/Summoning              3
   e - Summon Lightning Spire         Summoning/Air                4
   f - Summon Ice Beast               Ice/Summoning                4
 O - a book of Frost

   Spells                             Type                      Level
   a - Freeze                         Ice                          1
   b - Throw Frost                    Conjuration/Ice              2
   c - Ozocubu's Armour               Charms/Ice                   3
   d - Throw Icicle                   Conjuration/Ice              4
   e - Summon Ice Beast               Ice/Summoning                4
Comestibles
 d - 19 rations
 T - 6 chunks of flesh


   Skills:
 + Level 1.0 Fighting
 + Level 0.7(2.1) Short Blades
 + Level 3.1(3.2) Long Blades
 + Level 2.5 Armour
 + Level 4.2 Dodging
 + Level 6.6 Stealth
 + Level 0.5 Shields
 + Level 9.1 Spellcasting
 + Level 6.1 Conjurations
   Level 1.0 Transmutations
 + Level 9.7 Earth Magic
   Level 6.5 Poison Magic
 + Level 3.2 Invocations


You had 19 spell levels left.
You knew the following spells:

 Your Spells              Type           Power        Failure   Level  Hunger
a - Sandblast             Erth           #####.       1%          1    None
b - Stone Arrow           Conj/Erth      ####..       1%          3    #......
c - Lee's Rapid Deconstr  Erth           #####.....   4%          5    #####..


Dungeon Overview and Level Annotations

Branches:
Dungeon (10/15)            Temple (0/1) D:7            Lair (0/6) D:9
    Orc: D:9-12

Altars:
Dithmenos
Elyvilon
Fedhas
Gozag
Hepliaklqana
Makhleb
Qazlal
Ru
Trog
Xom
The Shining One

Shops:
D:8 *


Innate Abilities, Weirdness & Mutations

You cannot wear boots.
Your serpentine skin is tough. (AC +3)
You have supernaturally acute eyesight. (SInv)
Armour fits poorly on your strangely shaped body.
Your system is resistant to poisons. (rPois)
You cover ground very slowly.
You have a slow metabolism.
You can exhale a cloud of poison.
You are agile. (Dex +2)


Message History

* * * LOW HITPOINT WARNING * * *
The freezing wraith drains your vigour!
You feel yourself slow down.
You feel better.
The sky beast hits you but does no damage.
The freezing wraith hits you. The freezing wraith freezes you!
* * * LOW HITPOINT WARNING * * *
You block the freezing wraith's attack.
The sky beast hits you but does no damage.
You feel better. The freezing wraith hits you.
* * * LOW HITPOINT WARNING * * *
The freezing wraith freezes you!
* * * LOW HITPOINT WARNING * * *
The freezing wraith hits you.
* * * LOW HITPOINT WARNING * * *
The freezing wraith drains your vigour!
You feel as though you will be slow longer.
The sky beast hits you.
* * * LOW HITPOINT WARNING * * *
The sky beast shocks you.
You die...

#..##...##
#+###.......# ..###
#........# .....
#........#######....
###...###..#..#..#..#
.......#......#......
#...#.)#..#..###..#
##..#######.....Y.#
##.#..#).#.....@.#
##....#.....###W....#
#....###.....#.....##
#.........#..#..#.....
#.....)...#######..)_|.
##........# ......
#...[###..... .###.
#.....#.....# ..
##..#..#. #...


You could see a freezing wraith and a sky beast.

Vanquished Creatures
  Pikel (D:3)
  A troll (D:8)
  A hornet (D:10)
  Grinder (D:6)
  Sigmund (D:3)
  Eustachio (D:5)
  4 hogs (D:7)
  A human (D:7)
  Edmund (D:6)
  3 phantoms
  A slave (D:5)
  An ice beast (D:5)
  2 orc warriors
  6 ogres
  4 centaurs
  3 bullfrogs
  A wyvern skeleton (D:10)
  3 scorpions
  A water moccasin skeleton (D:8)
  4 wights (D:8)
  6 killer bees
  A bullfrog zombie (D:7)
  4 crimson imps
  3 jellies
  3 orc priests
  4 hounds
  A bullfrog skeleton (D:6)
  Jessica (D:2)
  Natasha (thrice) (D:2)
  8 orc wizards
  4 worker ants
  4 iguanas
  2 hound zombies
  2 hound skeletons
  Robin (D:3)
  6 gnolls
  10 adders
  A shadow imp (D:7)
  An ooze (D:1)
  An adder zombie (D:9)
  3 worms
  6 dart slugs
  5 leopard geckos
  20 orcs
  7 giant cockroaches
  2 hobgoblins
  17 jackals
  3 quokkas
  3 ball pythons
  9 bats
  6 frilled lizards
  17 goblins
  7 kobolds
  10 rats
222 creatures vanquished.

Vanquished Creatures (others)
  A slave (D:5)
  A gnoll (D:9)
  An adder (D:5)
3 creatures vanquished.

Grand Total: 225 creatures vanquished

Notes
Turn   | Place    | Note
-------+----------+-------------------------------------------
     0 | D:1      | pstr the Naga Earth Elementalist began the quest for the Orb.
     0 | D:1      | Reached XP level 1. HP: 15/15 MP: 3/3
   102 | D:1      | Reached XP level 2. HP: 22/22 MP: 1/5
   572 | D:1      | Reached XP level 3. HP: 28/28 MP: 4/6
   577 | D:1      | Learned a level 3 spell: Stone Arrow
  1213 | D:2      | Noticed Jessica
  1221 | D:2      | Killed Jessica
  1221 | D:2      | Reached XP level 4. HP: 36/36 MP: 2/8
  1286 | D:2      | Noticed Natasha
  1291 | D:2      | Killed Natasha
  1334 | D:2      | Noticed Natasha
  1342 | D:2      | Killed Natasha
  1342 | D:2      | Reached XP level 5. HP: 42/42 MP: 5/9
  1363 | D:2      | Noticed Natasha
  1371 | D:2      | Killed Natasha
  2233 | D:3      | Noticed Sigmund
  2237 | D:3      | Killed Sigmund
  2237 | D:3      | Reached skill level 5 in Earth Magic
  2237 | D:3      | Reached XP level 6. HP: 32/49 MP: 6/12
  2625 | D:3      | Found a bloodstained altar of Trog.
  2841 | D:3      | Reached skill level 1 in Conjurations
  2841 | D:3      | Reached XP level 7. HP: 55/55 MP: 5/13
  2965 | D:3      | Noticed Robin
  3301 | D:3      | Killed Robin
  3514 | D:3      | Found a glowing golden altar of the Shining One.
  4019 | D:4      | Reached skill level 5 in Spellcasting
  4215 | D:4      | Found a white marble altar of Elyvilon.
  4215 | D:4      | Found a shimmering altar of Xom.
  4215 | D:4      | Found a hazy altar of Hepliaklqana.
  4224 | D:4      | Became a worshipper of Elyvilon the Healer
  5019 | D:4      | Reached XP level 8. HP: 63/63 MP: 5/16
  5135 | D:4      | Found a sacrificial altar of Ru.
  5530 | D:5      | Entered Level 5 of the Dungeon
  5530 | D:5      | Found a blossoming altar of Fedhas.
  5652 | D:5      | Noticed Pikel
  5686 | D:4      | Gained mutation: You can exhale a cloud of poison. [potion of mutation]
  5686 | D:4      | Gained mutation: You are agile. (Dex +2) [potion of mutation]
  5687 | D:4      | Reached skill level 5 in Conjurations
  5687 | D:4      | Reached XP level 9. HP: 38/69 MP: 9/20
  5706 | D:3      | Killed Pikel
  5996 | D:5      | Found a burning altar of Makhleb.
  6071 | D:5      | Noticed Eustachio
  6073 | D:5      | Killed Eustachio
  6244 | D:5      | Learned a level 5 spell: Lee's Rapid Deconstruction
  6266 | D:5      | Reached * piety under Elyvilon
  6575 | D:6      | Noticed Grinder
  6579 | D:6      | Killed Grinder
  7018 | D:6      | Reached ** piety under Elyvilon
  7021 | D:6      | Reached XP level 10. HP: 76/76 MP: 12/22
  7346 | D:6      | Noticed Edmund
  7517 | D:6      | Killed Edmund
  7863 | D:7      | Found a staircase to the Ecumenical Temple.
  8346 | D:7      | Reached skill level 1 in Fighting
  9318 | D:8      | Reached *** piety under Elyvilon
  9474 | D:8      | Found a glowing golden altar of the Shining One.
  9475 | D:8      | Found Omenauty's General Store.
  9478 | D:8      | Bought a scroll of enchant weapon for 90 gold pieces
 10250 | D:9      | Found a shadowy altar of Dithmenos.
 10431 | D:9      | Found a staircase to the Lair.
 10609 | D:9      | Reached **** piety under Elyvilon
 10706 | D:9      | Found a stormy altar of Qazlal.
 11249 | D:10     | Entered Level 10 of the Dungeon
 11262 | D:10     | Reached XP level 11. HP: 74/84 MP: 1/24
 11558 | D:10     | Found an opulent altar of Gozag.
 11569 | D:10     | HP: 3/84 [freezing wraith (4)]
 11569 | D:10     | Slain by a sky beast

Skill      XL: |  1  2  3  4  5  6  7  8  9 10 |
---------------+-------------------------------+-----
Earth Magic    | 4 5 6 8 9 |  9.7
Spellcasting   | 3 4 5 7 8 9 |  9.1
Dodging        | 2 3 4 |  4.2
Conjurations   | 1 2 5 6 |  6.1
Long Blades    | 3 |  3.1
Armour         | 2 |  2.5
Stealth        | 6 |  6.6
Poison Magic   | 6 |  6.5
Invocations    | 3 |  3.2
Fighting       | 1 |  1.0
Short Blades   | |  0.7
Shields        | |  0.5
Transmutations | |  1.0

Action                   |  1- 3 |  4- 6 |  7- 9 | 10-12 || total
-------------------------+-------+-------+-------+-------++-------
Melee: Unarmed           |     1 |       |       |       ||     1
       Long sword        |       |     3 |     1 |       ||     4
       Short sword       |       |       |       |     8 ||     8
       Rapier            |       |       |       |     5 ||     5
 Cast: Sandblast         |    41 |    33 |    77 |    37 ||   188
       Stone Arrow       |       |    25 |    78 |   151 ||   254
       Lee's Rapid Decon |       |       |       |     4 ||     4
 Abil: Spit Poison       |     6 |     7 |     9 |       ||    22
       Breathe Poison Ga |       |       |     4 |     3 ||     7
  Use: Potion            |       |       |     4 |     2 ||     6
       Scroll            |       |       |     1 |       ||     1
  Eat: Chunk             |     1 |     6 |    15 |    14 ||    36
Armor: Robe              |     7 |    27 |    28 |       ||    62
       Leather armour    |       |       |     4 |    33 ||    37
Dodge: Dodged            |    14 |    21 |    58 |    73 ||   166
Block: Buckler           |       |       |       |    19 ||    19
       Rpst.: Long sword |       |     6 |    16 |    10 ||    32
